 Dungeon Crawl Stone Soup version 0.17.0-56-gd8de76c (console) character file.

100 Kloppie the Conjurer (level 4, -3/27 HPs)
             Began as an Octopode Conjurer on Dec 6, 2015.
             Slain by a gnoll (9 damage)
             ... on level 3 of the Dungeon.
             The game lasted 00:05:28 (2876 turns).

Kloppie the Conjurer (Octopode Conjurer)            Turns: 2876, Time: 00:05:28

Health: -3/27      AC:  1    Str:  7    XL:     4   Next: 74%
Magic:  1/8        EV: 12    Int: 18    God:
Gold:   125        SH:  0    Dex: 12    Spells: 3 memorised, 1 level left

rFire  . . .     SeeInvis .     g - +0 whip (elec)
rCold  + . .     Clarity  .     (no shield)
rNeg   . . .     SustAt   +     (helmet restricted)
rPois  .         Gourm    .     (no amulet)
rElec  .         Spirit   .     r - ring of sustain attributes
rCorr  .         Warding  .     h - ring of protection from cold
rMut   .         Stasis   .     (no ring)
MR     .....                    (no ring)
Stlth  +++.......               (no ring)
                                (no ring)
                                (no ring)
                                (no ring)

@: not resistant to hostile enchantments, fairly stealthy
A: almost no armour, amphibious, 8 rings, constrict 8, camouflage 1, gelatinous
body 1
a: no special abilities


You were on level 3 of the Dungeon.
You were not hungry.

You visited 1 branch of the dungeon, and saw 3 of its levels.

You collected 125 gold pieces.

Inventory:

Hand Weapons
 g - a +0 whip of electrocution (weapon)
 k - a +0 short sword
Jewellery
 h - a ring of protection from cold (right tentacle)
 r - a ring of sustain attributes (left tentacle)
Scrolls
 d - a scroll of remove curse
 f - a scroll of fear {unknown}
 j - 3 scrolls of identify {unknown}
 l - a scroll of magic mapping {unknown}
 n - a scroll of random uselessness {unknown}
 p - a scroll of enchant weapon {unknown}
Potions
 c - a potion of invisibility {unknown}
 e - a potion of brilliance {unknown}
 i - 4 potions of ambrosia {unknown}
 m - a potion of haste {unknown}
Books
 a - a book of Conjurations

   Spells                             Type                      Level
   a - Magic Dart                     Conjuration                  1
   b - Searing Ray                    Conjuration                  2
   c - Dazzling Spray                 Conjuration/Hexes            3
   d - Fulminant Prism                Conjuration/Hexes            4
   e - Iskenderun's Mystic Blast      Conjuration                  4
   f - Iskenderun's Battlesphere      Conjuration/Charms           5
Comestibles
 b - 2 bread rations
 q - a slice of pizza


   Skills:
 - Level 2.0 Dodging
 - Level 2.6 Stealth
 - Level 2.9 Spellcasting
 + Level 5.3 Conjurations
 + Level 0.8 Hexes


You had one spell level left.
You knew the following spells:

 Your Spells              Type           Power        Failure   Level  Hunger
a - Magic Dart            Conj           ###.         1%          1    None
b - Searing Ray           Conj           ###...       2%          2    ##.....
c - Fulminant Prism       Conj/Hex       ##........   54%         4    ####...


Dungeon Overview and Level Annotations

Branches:
Dungeon (3/15)

Altars:
Okawaru

Annotations:
D:2 Sigmund


Innate Abilities, Weirdness & Mutations

You cannot wear most types of armour.
You are amphibious.
You can wear up to eight rings at the same time.
You can use your tentacles to constrict eight enemies at once.
Your skin changes colour to match your surroundings (Stealth).
Your rubbery body absorbs attacks (AC +1).


Message History

The gnoll hits you with a flail.
* * * LOW HITPOINT WARNING * * *
The searing ray hits the gnoll.
You kill the gnoll!
Casting: Searing Ray
Confirm with . or Enter, or press ? or * to list all spells.
You don't know that spell.
Casting: Searing Ray
Confirm with . or Enter, or press ? or * to list all spells.
Aiming: Searing Ray
Press: ? - help, Shift-Dir - straight line, f - gnoll
Aim: a gnoll The searing ray hits the gnoll.
The gnoll is heavily wounded.
The gnoll completely misses you.
Without enough magic to sustain it, your searing ray dissipates.
The gnoll hits you.
* * * LOW HITPOINT WARNING * * *
The gnoll hits you!
You die...

#.##.#.#..8..#.........# #.#.
#.##.#.#######.........#######.#.
#.##.#..........................>
#.##.#.###............########.#.
#.##.#...........................
#.##.#####..#.......##########.##
#.##.(...................<......+
#.#########.#..............######
#.# #.####@#..........[....
#.#########..###g#..#############
#................................
##########.......................
# ##### #.......................
# #...# #.......................
# #...# #.......................
####...###.......................
'..'.............................


You could see a gnoll.

Vanquished Creatures
  3 adders
  A gnoll (D:3)
  3 oozes
  2 worms
  4 giant geckos
  4 goblins
  7 hobgoblins
  3 jackals (D:2)
  2 ball pythons
  4 bats
  2 giant cockroaches (D:2)
  A giant newt (D:1)
  6 kobolds
  A rat (D:2)
43 creatures vanquished.

Notes
Turn   | Place    | Note
--------------------------------------------------------------
     0 | D:1      | Kloppie the Octopode Conjurer began the quest for the Orb.
     0 | D:1      | Reached XP level 1. HP: 11/11 MP: 3/3
   431 | D:1      | Reached XP level 2. HP: 17/17 MP: 1/5
   521 | D:1      | Learned a level 2 spell: Searing Ray
  1142 | D:1      | Reached XP level 3. HP: 21/21 MP: 4/6
  1732 | D:2      | Reached XP level 4. HP: 24/27 MP: 2/8
  1737 | D:2      | Reached skill level 5 in Conjurations
  1867 | D:2      | Noticed Sigmund
  1935 | D:3      | Found a faded altar to an unknown god.
  1994 | D:3      | Learned a level 4 spell: Fulminant Prism
  2488 | D:3      | Found an iron altar of Okawaru.
  2876 | D:3      | Slain by a gnoll

Action                   |  1- 3 |  4- 6 || total
-------------------------+-------+-------++-------
Melee: Club              |     1 |       ||     1
       Whip              |    23 |     6 ||    29
 Cast: Magic Dart        |    45 |    17 ||    62
       Searing Ray       |       |     4 ||     4
  Use: Scroll            |     1 |       ||     1
 Stab: Sleeping          |       |     2 ||     2
  Eat: Chunk             |     3 |     3 ||     6
